 Dungeon Crawl Stone Soup version 0.30-a0-779-g7971cf19c3 (webtiles) character file.

Game seed: 1654670852412448210

150 Pimp the Firebug (level 5, 0/32 HPs)
             Began as a Deep Elf Cinder Acolyte on Feb 18, 2023.
             Was a Priest of Ignis.
             Slain by an orc
             ... wielding a +0 dagger
              (4 damage)
             ... on level 3 of the Dungeon.
             The game lasted 00:07:05 (3541 turns).

Pimp the Firebug (Deep Elf Cinder Acolyte)          Turns: 3541, Time: 00:07:05

Health: 0/32       AC:  5    Str: 11    XL:     5   Next: 10%
Magic:  9/11       EV: 11    Int: 19    God:    Ignis [***...]
Gold:   157        SH:  0    Dex: 12    Spells: 4/10 levels left

rFire   + + .      SeeInvis .    a - -1 short sword (heavy)
rCold   + . .      Faith    .    (no shield)
rNeg    . . .      Spirit   .    b - +0 robe
rPois   +          Reflect  .    k - +1 helmet
rElec   +          Harm     .    (no cloak)
rCorr   +          Rampage  .    i - +0 pair of gloves
Will    .....                    (no boots)
Stlth   +                        (no amulet)
HPRegen 0.25/turn                (no ring)
MPRegen 0.12/turn                (no ring)

@: resistant, flying
A: no striking features
a: Renounce Religion, Fiery Armour, Foxfire Swarm, Rising Flame


You were on level 3 of the Dungeon.
You worshipped Ignis.
Ignis was most pleased with you.
You visited 1 branch of the dungeon, and saw 4 of its levels.

You collected 157 gold pieces.

Inventory:

Hand Weapons
 a - a -1 heavy short sword (weapon)
Armour
 b - a +0 robe (worn)
 i - a +0 pair of gloves (worn)
 k - a +1 helmet (worn)
Scrolls
 c - 2 scrolls of noise
 d - 4 scrolls of identify
 f - a scroll of magic mapping
 g - a scroll of summoning {unknown}
 j - a scroll of enchant armour
 m - a scroll of teleportation
Potions
 e - 2 potions of flight
 h - a potion of resistance
 l - a potion of haste {unknown}
 o - 2 potions of heal wounds {unknown}


   Skills:
 + Level 3.1 Fighting
 + Level 3.8 Short Blades
 + Level 3.0 Spellcasting
 + Level 1.0 Conjurations
 + Level 4.1 Fire Magic
 + Level 1.0 Poison Magic


You had 4 spell levels left.
You knew the following spells:

 Your Spells              Type           Power      Damage    Failure   Level
a - Scorch                Fire           36%        2d6       4%          2
b - Magic Dart            Conj           24%        1d4       10%         1
c - Mephitic Cloud        Conj/Pois/Air  5%         N/A       34%         3

Your spell library contained the following spells:

 Spells                   Type           Power      Damage    Failure   Level
 Call Imp                 Summ           2%         N/A       22%         2
 Dazzling Flash           Conj/Hex       8%         N/A       36%         3
 Iskenderun's Mystic Bla  Conj/Tloc      4%         2d3       77%         4
 Starburst                Conj/Fire      6%         6d4       100%        6


Dungeon Overview and Level Annotations

Branches:
Dungeon (4/15)
 Temple: D:4-7

Altars:
Dithmenos
Hepliaklqana
Xom

Shops:
D:2 [


Message History

There is a stone staircase leading down here.
Deactivating autopickup; reactivate with Ctrl-A.
You hit something. Something hits you.
You miss something. Something hits you but does no damage.
You puncture something!
Reactivating autopickup.
You feel a bit more experienced.
Your Spellcasting skill increases to level 3!
Your Conjurations skill increases to level 1!
Your Poison Magic skill increases to level 1!
You have reached level 5!
You start resting.
HP restored.
You start resting.
Magic restored.
You climb downwards.
The orc hits you with a +0 mace.
The orc priest mumbles some strange prayers to Beogh against you.
Pain shoots through your body! The orc barely misses you.
There is a stone staircase leading up, spattered with blood here.
Casting: Scorch (safe; 4% risk of failure)
Confirm with . or Enter, or press ? or * to list all spells.
Flames lash the orc.
You kill the orc!
The orc priest mumbles some strange prayers to Beogh against you.
Pain shoots through your body!
* * * LOW HITPOINT WARNING * * *
The orc hits you with a +0 dagger.
* * * LOW HITPOINT WARNING * * *
The orc priest looks encouraged for a moment.
The orc hits you but does no damage.
You climb upwards.
There is a stone staircase leading down, spattered with blood here.
It was a potion of flight.
You feel very buoyant.
You fly up into the air.
The orc hits you with a +0 dagger.
* * * LOW HITPOINT WARNING * * *
It was a potion of resistance.
You feel protected. The orc hits you with a +0 dagger.
You die...

................#..#....#_#..#..#
..#####.........#..#######.#..#..
..#...#............#..,,,##..###.
).#.#.#.##########.#.############
......#.# #.#.#...#.##....
.##.#...##########.#.#.#.#.#.....
.##.#..............#.#.#.#.#.....
....################.#.#.#.#.....
...............[@o.......#)#.....
####################.#.#.#.#.....
#.#.#.#.#.....
####################.#.###.#..#.#
.....................#...#.#..#..
########################.#....###
#.###..<.. #.# ###### #.# #


You could see an orc.

Vanquished Creatures
  A hound (D:4)
  An orc wizard (D:3)
  2 gnolls (D:1)
  An adder (D:2)
  2 dart slugs
  3 orcs
  7 endoplasms
  2 giant cockroaches
  8 goblins
  3 hobgoblins
  2 jackals (D:3)
  8 kobolds
  A quokka (D:3)
  4 ball pythons
  8 bats
  4 frilled lizards
  2 rats (D:2)
59 creatures vanquished.

Vanquished Creatures (others)
  43 foxfires (D:1)
43 creatures vanquished.

Grand Total: 102 creatures vanquished

Notes
Turn   | Place    | Note
-------+----------+-------------------------------------------
     0 | D:1      | Pimp the Deep Elf Cinder Acolyte began the quest for the
                  | Orb.
     0 | D:1      | Reached XP level 1. HP: 13/13 MP: 5/5
   315 | D:1      | Reached XP level 2. HP: 18/18 MP: 7/7
   339 | D:1      | Learned a level 2 spell: Scorch
   589 | D:1      | Reached XP level 3. HP: 22/22 MP: 3/8
  1168 | D:2      | Found Berchulo's Armour Boutique.
  2072 | D:2      | Learned a level 1 spell: Magic Dart
  2076 | D:2      | Learned a level 3 spell: Mephitic Cloud
  2332 | D:3      | Reached XP level 4. HP: 28/28 MP: 4/10
  2714 | D:3      | Reached skill level 4 in Fire Magic
  2715 | D:3      | Found a shadowy altar of Dithmenos.
  2894 | D:3      | Found a hazy altar of Hepliaklqana.
  3062 | D:3      | Found a large runed translucent door.
  3062 | D:3      | Found a large runed translucent door.
  3066 | D:3      | Found a shimmering altar of Xom.
  3460 | D:3      | Reached skill level 1 in Conjurations
  3460 | D:3      | Reached skill level 1 in Poison Magic
  3460 | D:3      | Reached XP level 5. HP: 24/32 MP: 2/11
  3541 | D:3      | Slain by an orc

Illustrated notes

Levels and vault maps discovered:
D:1:      amcnicky_arrival_flooded_fountain, layout_basic
D:2:      layout_basic, serial_shops, shop, kennysheep_donut, grunt_ministairs_7
D:3:      due_chaos_kobolds, layout_basic, marbit_many_paths,
          mainiacjoe_overflow_24_doors, solitary_fountain,
          kennysheep_generic_room_5
D:4:      layout_loops_ring, good_gods_mini_temple,
          minmay_temple_entry_sparse_star, gammafunk_ghost_icy,
          minmay_quadrilaterals

Skill      XL: |  1  2  3  4 |
---------------+-------------+-----
Spellcasting   | 2 3 |  3.0
Fighting       | 3 |  3.1
Fire Magic     | 4 |  4.1
Conjurations   | 1 |  1.0
Poison Magic   | 1 |  1.0
Short Blades   | |  3.8

Action                     |  1- 3 |  4- 6 || total
---------------------------+-------+-------++-------
  Melee: Short sword       |    30 |    16 ||    46
   Cast: Scorch            |    35 |    21 ||    56
 Invoke: Foxfire Swarm     |     3 |       ||     3
         Fiery Armour      |     1 |       ||     1
    Use: Scroll            |     4 |     4 ||     8
         Potion            |     1 |     2 ||     3
 Armour: Robe              |    14 |    13 ||    27
  Dodge: Dodged            |    25 |    19 ||    44

Table legend: (Time is in decaauts)
 A = Elapsed time spent in this place.
 B = Non-inter-level travel time spent in this place.
 C = Inter-level travel time spent in this place.
 D = Time resting spent in this place.
 E = Time spent auto-exploring this place.
 F = Levels seen in this place.
 G = Mean time per level.
                   A        B        C        D        E       F      G
               +--------+--------+--------+--------+--------+-----+--------+
         Total |   3540 |   3343 |    197 |    405 |   2273 |   4 |  885.0 |
       Dungeon |   3540 |   3343 |    197 |    405 |   2273 |   4 |  885.0 |
               +--------+--------+--------+--------+--------+-----+--------+

Top non-repeatable levels by time:
     D:2: 1263 daAuts
     D:3: 1214 daAuts
     D:1: 1045 daAuts
     D:4: 16 daAuts
